[Event "Titled Tuesday Blitz April 26 Early 2022"]
[White "Fernandez Hernandez, Gerardo"]
[Black "Jarocka, Liwia"]
[WhiteFideId "2207400"]
[BlackFideId "21807558"]
[WhiteElo "2196"]
[BlackElo "1896"]
[Result "0-1"]
[Round "04"]
[TimeControl "180+1"]
[Date "2022.04.26"]
[WhiteClock "0:00:06"]
[BlackClock "0:00:21"]

1. e4 c5 2. d3 Nc6 3. g3 g6 4. Bg2 Bg7 5. f4 d6 6. Nf3 Nh6 7. O-O O-O 8. Nc3 f5 9. h3 Bd7 10. Ng5 e6 11. Be3 Nf7 12. Nxf7 Rxf7 13. Qd2 Rc8 14. Rae1 Nd4 15. Nd1 b5 16. c3 Nc6 17. Nf2 Qa5 18. a3 b4 19. axb4 cxb4 20. d4 bxc3 21. bxc3 Ne7 22. Ra1 Qxc3 23. Rxa7 Qxd2 24. Bxd2 Nc6 25. Rb7 Bxd4 26. exf5 gxf5 27. Kh2 Nd8 28. Rbb1 Rg7 29. Nd3 Nf7 30. Bb4 d5 31. Rfc1 Rxc1 32. Rxc1 Bb5 33. Nc5 Bxc5 34. Bxc5 Bc4 35. Bd4 Rg6 36. h4 h5 37. Bf3 Rh6 38. Rb1 Kh7 39. Rb8 Nd6 40. Rh8+ Kg6 41. Rg8+ Kf7 42. Rg7+ Ke8 43. Be5 Ne4 44. Bxe4 dxe4 45. Rc7 Bd5 46. Rc8+ Kd7 47. Rc7+ Kd8 48. Ra7 Rg6 49. Kg2 e3+ 50. Kh2 e2 51. Ra1 Bc4 52. Re1 Kd7 53. Kg2 Kc6 54. Kf2 Kd5 55. Ra1 Rg8 56. Ra5+ Ke4 57. Ra3 Rd8 58. Ra4 Kd3 59. Ra3+ Kc2 60. Rc3+ Kd2 61. Re3 Rd3 62. Bc3+ Rxc3 63. Rxc3 Kxc3 64. Ke1 Kd3 65. g4 fxg4 66. f5 exf5 67. Kf2 Kd2 0-1


[Site "https://www.chess.com"]

[Event "Titled Tuesday Blitz April 26 Early 2022"]
[White "Fernandez Siles, Luis"]
[Black "Sirosh, Ilja"]
[WhiteFideId "2209420"]
[BlackFideId "4500458"]
[WhiteElo "2212"]
[BlackElo "2241"]
[Result "1-0"]
[Round "04"]
[TimeControl "180+1"]
[Date "2022.04.26"]
[WhiteClock "0:00:16"]
[BlackClock "0:00:03"]

1. d4 d5 2. c4 e6 3. Nc3 c5 4. e3 Nf6 5. Nf3 Nc6 6. a3 cxd4 7. exd4 g6 8. Bg5 Bg7 9. c5 h6 10. Bh4 g5 11. Bg3 Ne4 12. Bb5 O-O 13. Bxc6 bxc6 14. Nxe4 dxe4 15. Ne5 Ba6 16. h4 gxh4 17. Rxh4 f5 18. Qd2 Qg5 19. O-O-O Qxd2+ 20. Rxd2 Rac8 21. Bf4 Rf6 22. Rd1 h5 23. Kd2 Bh6 24. g3 Rb8 25. b4 Bb5 26. Nd7 Bxf4+ 27. gxf4 Rbf8 28. Nxf8 Kxf8 29. Rxh5 Rg6 30. Rdh1 Rg2 31. Rh8+ Kg7 32. R1h7+ Kf6 33. Rf8+ Kg6 34. Rg8+ Kxh7 35. Rxg2 Bc4 36. Ke3 a6 37. Rg5 Bb5 38. f3 exf3 39. Kxf3 Bc4 40. Kg3 Bd5 41. Kh4 Bc4 42. Rg1 Bd5 43. Ra1 Kg7 44. a4 Bc4 45. Kg5 Bb3 46. b5 cxb5 47. axb5 axb5 48. Ra7+ Kf8 49. Kf6 Ke8 50. c6 Bd5 51. Ke5 Bxc6 52. Kxe6 Kf8 53. Rc7 Be4 54. Rc8+ Kg7 55. Rb8 Bd3 56. d5 Bc4 57. Ke5 Kf7 58. d6 Bd3 59. Rb7+ Ke8 60. Rc7 Bc4 61. Rc8+ Kd7 62. Rc7+ Kd8 63. Kxf5 Bd5 64. Ke5 Ba2 65. f5 b4 66. Rb7 b3 67. f6 Ke8 68. f7+ Kf8 69. Kf6 b2 70. Rb8# 1-0


[Site "https://www.chess.com"]

[Event "Titled Tuesday Blitz April 26 Early 2022"]
[White "Ferreira, Vitor Hugo Vieira"]
[Black "Allahverdiyeva, Ayan"]
[WhiteFideId "2119765"]
[BlackFideId "13412590"]
[WhiteElo "2165"]
[BlackElo "1910"]
[Result "0-1"]
[Round "04"]
[TimeControl "180+1"]
[Date "2022.04.26"]
[WhiteClock "0:00:24"]
[BlackClock "0:00:14"]

1. d4 g6 2. e4 Bg7 3. Nc3 d5 4. exd5 Nd7 5. Bb5 Nf6 6. Nge2 O-O 7. Nf4 Nb6 8. Qf3 Bg4 9. Qg3 Bf5 10. Bd3 Bxd3 11. Qxd3 Nfxd5 12. Ncxd5 Nxd5 13. c3 Nxf4 14. Bxf4 e5 15. Be3 exd4 16. cxd4 c5 17. Rd1 cxd4 18. Bxd4 Bxd4 19. Qxd4 Qa5+ 20. Qd2 Rfe8+ 21. Kf1 Rad8 22. Qc2 Qb5+ 23. Kg1 Qxb2 24. Qa4 Qd2 25. Rf1 Re1 26. Qb5 Rxf1+ 27. Qxf1 Qxa2 28. h3 Rd2 29. Kh2 Rxf2 30. Qg1 Qb2 31. h4 Qe5+ 32. Kh3 Rf4 33. Qc1 Qf5+ 34. Kg3 Qg4+ 35. Kh2 Qxh4+ 36. Kg1 Qf2+ 37. Kh2 Rh4# 0-1


[Site "https://www.chess.com"]

[Event "Titled Tuesday Blitz April 26 Early 2022"]
[White "Gatterer, Florian"]
[Black "Akrakan"]
[WhiteFideId "811688"]
[WhiteElo "2218"]
[BlackElo "2040"]
[Result "0-1"]
[Round "04"]
[TimeControl "180+1"]
[Date "2022.04.26"]
[WhiteClock "0:00:01"]
[BlackClock "0:00:19"]

1. f4 c5 2. Nf3 Nc6 3. g3 d5 4. Bg2 Nf6 5. O-O e6 6. d3 Be7 7. Qe1 b5 8. e4 Bb7 9. Nc3 b4 10. Ne2 O-O 11. e5 Nd7 12. Be3 f6 13. exf6 Bxf6 14. d4 Qb6 15. dxc5 Nxc5 16. Qf2 Be7 17. Nfd4 Nxd4 18. Bxd4 Qc6 19. Qe3 Ne4 20. Bxe4 dxe4 21. c3 a5 22. Rfe1 Rfd8 23. Rac1 b3 24. a3 a4 25. g4 Ba6 26. Ng3 Bd3 27. Nxe4 Bxe4 28. Qxe4 Qxe4 29. Rxe4 Kf7 30. Rce1 Ra6 31. R1e2 g6 32. Kg2 Rd7 33. h3 Bd8 34. Kf3 Bc7 35. Be5 Bb6 36. Kg2 Rd3 37. f5 gxf5 38. gxf5 exf5 39. Rh4 Kg6 40. Bf4 h5 41. Re6+ Kf7 42. Rc6 Bd8 43. Rxa6 Bxh4 44. Ra7+ Ke6 45. Ra6+ Kd5 46. Ra5+ Ke6 47. Ra6+ Kd7 48. Rxa4 Rd1 49. Kf3 Rf1+ 50. Ke3 Rb1 51. Rb4 Rxb2 52. Kd3 Bf2 53. Bd2 Bc5 54. Rb5 Kc6 55. a4 Rb1 56. Bh6 Rd1+ 0-1


[Site "https://www.chess.com"]

[Event "Titled Tuesday Blitz April 26 Early 2022"]
[White "Gokerkan, Cem Kaan"]
[Black "Plotnikov, Pavel"]
[WhiteFideId "6336760"]
[BlackFideId "4170342"]
[WhiteElo "2382"]
[BlackElo "2298"]
[Result "1-0"]
[Round "04"]
[TimeControl "180+1"]
[Date "2022.04.26"]
[WhiteClock "0:00:44"]
[BlackClock "0:00:02"]

1. e4 c5 2. Nf3 Nc6 3. Bb5 Nd4 4. Nxd4 cxd4 5. O-O a6 6. Be2 d6 7. c3 dxc3 8. bxc3 g6 9. d4 Bg7 10. Nd2 e5 11. dxe5 dxe5 12. Ba3 Ne7 13. Nc4 b5 14. Nd6+ Kf8 15. Nf5 Bxf5 16. exf5 gxf5 17. Qxd8+ Rxd8 18. Rfd1 Rxd1+ 19. Rxd1 Bf6 20. Rd7 Rg8 21. Ra7 e4 22. c4 f4 23. g3 bxc4 24. Rxa6 Bd4 25. Kf1 e3 26. Rd6 Be5 27. Rd8+ Kg7 28. Bxe7 Rxd8 29. Bxd8 exf2 30. Kxf2 fxg3+ 31. hxg3 Bd4+ 32. Kf3 c3 33. Bd3 h6 34. a4 f6 35. a5 Kf7 36. Bb6 1-0


[Site "https://www.chess.com"]

[Event "Titled Tuesday Blitz April 26 Early 2022"]
[White "Grandelius, Nils"]
[Black "Bacrot, Etienne"]
[WhiteFideId "1710400"]
[BlackFideId "605506"]
[WhiteElo "2617"]
[BlackElo "2673"]
[Result "1-0"]
[Round "04"]
[TimeControl "180+1"]
[Date "2022.04.26"]
[WhiteClock "0:00:08"]
[BlackClock "0:00:03"]

1. Nf3 c5 2. e3 Nc6 3. d4 cxd4 4. exd4 d5 5. Bb5 Nf6 6. Ne5 Qb6 7. c4 e6 8. Qa4 Bd7 9. Nxd7 Kxd7 10. Nc3 a6 11. c5 Qc7 12. O-O Be7 13. Bd3 b5 14. cxb6 Qxb6 15. Be3 Rhc8 16. Rab1 Bd6 17. a3 Ke7 18. Rfe1 Kf8 19. g3 Ne7 20. Rec1 Ng4 21. Bd2 Nc6 22. Be2 Nf6 23. Be3 Na5 24. Qd1 Nc4 25. Bg5 Nd7 26. Na4 Qb5 27. b3 Qa5 28. bxc4 dxc4 29. Bd2 Qf5 30. Rxc4 Nf6 31. Rxc8+ Rxc8 32. Bxa6 Ra8 33. Bb5 Ne4 34. Be1 Ng5 35. Bc6 Rc8 36. Bg2 Nh3+ 37. Bxh3 Qxh3 38. Bb4 Bxb4 39. axb4 h5 40. Nc5 h4 41. Qf3 Kg8 42. b5 Rd8 43. b6 Qf5 44. Qxf5 1-0


[Site "https://www.chess.com"]

[Event "Titled Tuesday Blitz April 26 Early 2022"]
[White "Guliev, Logman"]
[Black "Samunenkov, Ihor"]
[WhiteFideId "13400061"]
[BlackFideId "14187086"]
[WhiteElo "2128"]
[BlackElo "2409"]
[Result "1-0"]
[Round "04"]
[TimeControl "180+1"]
[Date "2022.04.26"]
[WhiteClock "0:00:48"]
[BlackClock "0:00:01"]

1. e4 c5 2. Nf3 Nc6 3. Bb5 g6 4. Bxc6 dxc6 5. O-O Bg7 6. d3 Bg4 7. h3 Bxf3 8. Qxf3 Nf6 9. Nc3 Nd7 10. Qe2 Nf8 11. f4 Ne6 12. f5 Nd4 13. Qf2 O-O 14. Kh1 Qd6 15. Bf4 Be5 16. Bh6 Bg7 17. Bxg7 Kxg7 18. Rae1 f6 19. fxg6 hxg6 20. Re3 e5 21. Rg3 Rh8 22. Nd1 Raf8 23. Ne3 Rh5 24. c3 Ne6 25. Nf5+ Rxf5 26. exf5 Nf4 27. fxg6 Rh8 28. d4 cxd4 29. cxd4 Qd5 30. dxe5 fxe5 31. Qf3 Qxa2 32. Qc3 Ne6 33. Qxe5+ Kg8 34. g7 1-0


[Site "https://www.chess.com"]

[Event "Titled Tuesday Blitz April 26 Early 2022"]
[White "Gutierrez Olivares, Daniel"]
[Black "Sovetbekova, Nurai"]
[WhiteFideId "2264005"]
[BlackFideId "13801910"]
[WhiteElo "2317"]
[BlackElo "1538"]
[Result "1-0"]
[Round "04"]
[TimeControl "180+1"]
[Date "2022.04.26"]
[WhiteClock "0:00:48"]
[BlackClock "0:00:01"]

1. Nf3 Nf6 2. g3 g6 3. c4 Bg7 4. Bg2 O-O 5. O-O d5 6. Nc3 c5 7. d3 Nc6 8. Bf4 d4 9. Na4 Nh5 10. Bd2 Qd6 11. a3 b6 12. b4 Bb7 13. Ng5 Nf6 14. bxc5 bxc5 15. Rb1 Rab8 16. Rb5 h6 17. Nxc5 hxg5 18. Nxb7 Qc7 19. Qb3 g4 20. Rb1 Nd7 21. Qa4 Nb6 22. Rxb6 axb6 23. Qxc6 Qxc6 24. Bxc6 Rfc8 25. Bg2 Rc7 26. Rxb6 e6 27. Bb4 Bf6 28. a4 Bd8 29. Bd6 Rbxb7 30. Rxb7 Rxb7 31. Bxb7 1-0


[Site "https://www.chess.com"]

[Event "Titled Tuesday Blitz April 26 Early 2022"]
[White "Halvax, Georg"]
[Black "Rengifo Blancas, Renzo Jhonathan"]
[WhiteFideId "1619543"]
[BlackFideId "3807185"]
[WhiteElo "2403"]
[BlackElo "2058"]
[Result "1-0"]
[Round "04"]
[TimeControl "180+1"]
[Date "2022.04.26"]
[WhiteClock "0:00:46"]
[BlackClock "0:00:24"]

1. d4 Nf6 2. c4 e6 3. Nf3 d5 4. e3 Bb4+ 5. Bd2 Be7 6. a3 O-O 7. Be2 c5 8. dxc5 Bxc5 9. b4 Be7 10. Bc3 Ne4 11. Bb2 Bf6 12. Bxf6 Qxf6 13. Qd4 Nc6 14. Qxf6 Nxf6 15. cxd5 Nxd5 16. Nbd2 Nc3 17. Rc1 Nxe2 18. Kxe2 a6 19. Nc4 Bd7 20. Rhd1 Rad8 21. Nb6 Bc8 22. Rxd8 Rxd8 23. Nd4 g6 24. Nxc6 bxc6 25. Rxc6 Bb7 26. Rc7 Bxg2 27. f3 e5 28. Rc8 Rxc8 29. Nxc8 Kf8 30. a4 Bh3 31. Nd6 Ke7 32. Nc4 f6 33. Kd3 Bd7 34. Nb6 Bc6 35. e4 Kd6 36. Kc4 f5 37. b5 axb5+ 38. axb5 Bb7 39. Nd5 g5 40. Nf6 fxe4 41. fxe4 h5 42. Nxh5 Bxe4 43. Nf6 Bg2 44. Nh7 Bf1+ 45. Kb4 g4 46. Nf6 Be2 47. b6 Kc6 48. Ka5 Bf3 49. Ka6 Kc5 50. b7 Bxb7+ 51. Kxb7 Kd4 52. Nxg4 e4 53. h4 e3 54. Nxe3 Ke4 55. Ng2 Ke5 56. Kc6 Kf5 57. Kd5 Kg4 58. Ke4 Kh5 59. Kf5 Kh6 60. Kg4 Kg6 61. h5+ Kh6 62. Kh4 Kh7 63. Kg5 Kg7 64. h6+ Kh7 65. Kh5 Kh8 66. Kg6 Kg8 67. Ne3 Kh8 68. Ng4 Kg8 69. Ne5 Kh8 70. Nf7+ Kg8 71. h7+ Kf8 72. h8=Q+ 1-0


[Site "https://www.chess.com"]

[Event "Titled Tuesday Blitz April 26 Early 2022"]
[White "Hamley, Ryan"]
[Black "Hartikainen, Jarmo"]
[WhiteFideId "30959497"]
[BlackFideId "503134"]
[WhiteElo "2442"]
[BlackElo "2119"]
[Result "1-0"]
[Round "04"]
[TimeControl "180+1"]
[Date "2022.04.26"]
[WhiteClock "0:00:17"]
[BlackClock "0:00:02"]

1. d4 Nf6 2. c4 g6 3. Nc3 d5 4. Nf3 Bg7 5. Qb3 dxc4 6. Qxc4 O-O 7. e4 a6 8. Be2 b5 9. Qd3 Bb7 10. a3 Nbd7 11. Be3 Ng4 12. Bf4 c5 13. h3 cxd4 14. hxg4 dxc3 15. Ng5 h6 16. Qh3 cxb2 17. Rd1 Qa5+ 18. Kf1 Nf6 19. e5 Rad8 20. Rb1 Qc3 21. Qxc3 hxg5 22. Bxg5 Ne4 23. Qxb2 Nxg5 24. f3 Rd5 25. f4 Ne4 26. Bf3 Nd2+ 27. Kf2 Nc4 28. Qc3 Rd2+ 29. Kg3 Bxf3 30. gxf3 Rfd8 31. Rb3 Ra2 32. Rh2 Rxh2 33. Kxh2 Nd2 34. Rb2 Nc4 35. Re2 Bh6 36. Kg3 e6 37. a4 Rd5 38. axb5 axb5 39. Ra2 Bf8 40. Ra8 Kg7 41. Rb8 Bc5 42. Qb3 Nd2 43. Qc2 b4 44. Rc8 b3 45. Qc1 Bd4 46. Rb8 b2 47. Rxb2 Bxb2 48. Qxb2 Nc4 49. Qb8 Nd2 50. Qc7 Kf8 51. Qc8+ Kg7 52. Qc7 Kf8 53. Qc2 Kg7 54. Qc1 Kf8 55. Qh1 Kg7 56. Qh4 Rd3 57. Qf6+ Kg8 58. f5 Rxf3+ 59. Kg2 gxf5 60. Qd8+ Kg7 61. Qxd2 Rf4 62. Qxf4 fxg4 63. Qg5+ Kf8 64. Kg3 Ke8 65. Qf6 Kf8 66. Kxg4 Ke8 67. Kg5 Kf8 68. Kh6 Ke8 69. Kg7 Kd7 70. Kxf7 Kc6 71. Qxe6+ Kc5 72. Qd6+ Kc4 73. e6 Kc3 74. e7 Kc4 75. e8=Q Kc3 76. Qc8+ Kb3 77. Qdb8+ Ka4 78. Qa6# 1-0


[Site "https://www.chess.com"]

[Event "Titled Tuesday Blitz April 26 Early 2022"]
[White "Haukenfrers, Dale"]
[Black "Tatarinov, Dmitry"]
[WhiteFideId "2603780"]
[BlackFideId "24160067"]
[WhiteElo "2051"]
[BlackElo "2302"]
[Result "0-1"]
[Round "04"]
[TimeControl "180+1"]
[Date "2022.04.26"]
[WhiteClock "0:00:03"]
[BlackClock "0:01:33"]

1. f3 d5 2. c3 c5 3. e4 d4 4. Be2 d3 5. Bf1 Nc6 6. a3 e5 7. b4 c4 8. g3 h5 9. a4 Nf6 10. Na3 Be6 11. Nh3 Nxe4 12. fxe4 Bg4 13. Nxc4 Bxd1 14. Kxd1 Rc8 15. b5 Na5 16. Nxe5 Qf6 17. Bxd3 Qxe5 18. Rf1 Nb3 19. Rb1 Nxc1 20. Rxc1 g6 21. Nf4 Bh6 22. Nd5 O-O 23. c4 Rfd8 24. Rc3 Kg7 25. Rf3 Qd4 26. Kc2 a6 27. b6 Rxd5 28. exd5 Qxb6 29. Rb3 Qc7 30. a5 Bg5 31. Rb6 Be7 32. Kc3 Bc5 33. Rbf6 Qxa5+ 34. Kc2 Qa2+ 35. Kc3 Qa1+ 36. Kb3 Qxf6 37. Rxf6 Kxf6 38. h3 Ke5 39. g4 Kd4 40. Bxg6 fxg6 41. g5 h4 42. Ka4 Kxc4 43. d6 b5+ 0-1


[Site "https://www.chess.com"]

[Event "Titled Tuesday Blitz April 26 Early 2022"]
[White "Horobetz, Graham"]
[Black "Bluebaum, Matthias"]
[WhiteFideId "2047322"]
[BlackFideId "24651516"]
[WhiteElo "2592"]
[BlackElo "2550"]
[Result "0-1"]
[Round "04"]
[TimeControl "180+1"]
[Date "2022.04.26"]
[WhiteClock "0:00:05"]
[BlackClock "0:00:23"]

1. e4 c6 2. d4 d5 3. Nc3 dxe4 4. Nxe4 Nf6 5. Nxf6+ exf6 6. c3 Bd6 7. Bd3 O-O 8. Qc2 Re8+ 9. Ne2 h5 10. Be3 Nd7 11. O-O-O Nf8 12. h3 h4 13. Kb1 Be6 14. c4 Rc8 15. Nc3 Bb4 16. Rdg1 b5 17. c5 Bxc3 18. bxc3 Bd5 19. Bf4 Ne6 20. Bd6 Qa5 21. Qb2 Ng5 22. f3 Re3 23. Rd1 Bc4 24. Qc2 Rce8 25. Bf4 Rxd3 26. Rxd3 Bxd3 27. Qxd3 Qa3 28. Bc1 Qa6 29. Bxg5 fxg5 30. Qd2 b4 31. cxb4 Re2 32. Qc3 Qxa2+ 33. Kc1 Rxg2 34. Re1 Re2 35. Rxe2 Qxe2 36. d5 Qf1+ 37. Kb2 Qxh3 38. dxc6 Qe6 39. b5 Qe2+ 40. Kc1 Qf1+ 41. Kc2 Qxb5 42. c7 Qd7 43. Qe5 h3 44. Qd6 Qf5+ 45. Kd2 Kh7 46. c6 f6 47. Qd7 Qf4+ 48. Ke2 h2 49. Qh3+ Qh4 50. Qf5+ g6 51. Qd7+ Kh6 52. c8=Q g4 53. Qh8+ Kg5 54. Qd5+ f5 55. Qhd8+ Kh5 56. Qxh4+ Kxh4 57. Qd6 h1=Q 58. Qf6+ Kg3 59. fxg4 Qe4+ 60. Kd2 f4 61. Qd6 Qe3+ 62. Kc2 Qe2+ 63. Kc3 Qe1+ 64. Kc4 Qc1+ 65. Kb5 Qb2+ 66. Kc4 Qc2+ 67. Kb5 Qb3+ 68. Kc5 Qa3+ 69. Kd5 Qxd6+ 70. Kxd6 f3 71. c7 f2 72. c8=Q f1=Q 73. Qc3+ Kxg4 74. Qd4+ Qf4+ 75. Qxf4+ Kxf4 0-1


[Site "https://www.chess.com"]

[Event "Titled Tuesday Blitz April 26 Early 2022"]
[White "Hua, Lefong"]
[Black "Kollars, Dmitrij"]
[WhiteFideId "2602253"]
[BlackFideId "12909572"]
[WhiteElo "2610"]
[BlackElo "2584"]
[Result "1/2-1/2"]
[Round "04"]
[TimeControl "180+1"]
[Date "2022.04.26"]
[WhiteClock "0:00:52"]
[BlackClock "0:00:58"]

1. d4 Nf6 2. c4 e6 3. Nc3 Bb4 4. f3 Nc6 5. a3 Bxc3+ 6. bxc3 b6 7. e4 Na5 8. Bd3 Ba6 9. Qe2 c5 10. Ra2 Qc7 11. Rc2 Rc8 12. e5 Ng8 13. Nh3 Ne7 14. O-O cxd4 15. cxd4 Bxc4 16. Bxc4 Nxc4 17. a4 a6 18. Ba3 Nd5 19. Rfc1 b5 20. axb5 axb5 21. Bc5 f5 22. exf6 gxf6 23. Nf2 Rg8 24. Ne4 f5 25. Nd6+ Kd8 26. Nf7+ Ke8 27. Nd6+ Kd8 28. Nf7+ Ke8 29. Nd6+ 1/2-1/2


[Site "https://www.chess.com"]

[Event "Titled Tuesday Blitz April 26 Early 2022"]
[White "Ianov, Viktor"]
[Black "Gu, Xiaobing"]
[WhiteFideId "14102730"]
[BlackFideId "8602611"]
[WhiteElo "2161"]
[BlackElo "2174"]
[Result "1-0"]
[Round "04"]
[TimeControl "180+1"]
[Date "2022.04.26"]
[WhiteClock "0:00:54"]
[BlackClock "0:00:06"]

1. Nf3 Nf6 2. g3 g6 3. b3 Bg7 4. Bb2 d6 5. d4 O-O 6. Bg2 Nbd7 7. O-O e5 8. dxe5 dxe5 9. Nxe5 Ng4 10. Nd3 Bxb2 11. Nxb2 Qf6 12. c3 Nc5 13. Qc2 Re8 14. e4 h5 15. Nd2 h4 16. Rae1 hxg3 17. fxg3 Qg5 18. Nf3 Qh6 19. Qd2 Nxe4 20. Qxh6 Nxh6 21. Ng5 f5 22. Nxe4 fxe4 23. Bxe4 Kg7 24. Nc4 Bh3 25. Bg2 Bxg2 26. Kxg2 Nf5 27. g4 Nh4+ 28. Kg3 g5 29. Ne3 Rad8 30. Nf5+ Nxf5+ 31. gxf5 Rd3+ 32. Kg4 Rxe1 33. Rxe1 Rxc3 34. Kxg5 Kf7 35. Rd1 Rc2 36. Rd7+ Ke8 37. Rh7 Rxa2 38. Rxc7 Rxh2 39. Rxb7 Rb2 40. Kf6 a5 41. Rb5 Ra2 42. Ke6 Re2+ 43. Re5 Rb2 44. Rxa5 Kf8 45. Ra8+ Kg7 46. f6+ Kg6 47. Rg8+ Kh7 48. f7 Re2+ 49. Kd5 1-0


[Site "https://www.chess.com"]

[Event "Titled Tuesday Blitz April 26 Early 2022"]
[White "Iljin, Timofey"]
[Black "Sailer, Mike"]
[WhiteFideId "14110180"]
[BlackFideId "2012901"]
[WhiteElo "2396"]
[BlackElo "2109"]
[Result "1-0"]
[Round "04"]
[TimeControl "180+1"]
[Date "2022.04.26"]
[WhiteClock "0:01:37"]
[BlackClock "0:01:16"]

1. d4 d5 2. c4 Bf5 3. Nc3 e6 4. Nf3 Nc6 5. Bg5 Be7 6. Bxe7 Ngxe7 7. e3 O-O 8. Bd3 Bxd3 9. Qxd3 Nb4 10. Qe2 dxc4 11. O-O Ned5 12. Qxc4 Nxc3 13. Qxb4 Nd5 14. Qxb7 Rb8 15. Qxa7 Rxb2 16. a4 Qd7 17. Ne5 Qd6 18. Nc4 Qb4 19. Nxb2 Qxb2 20. a5 f5 21. a6 f4 22. exf4 Nxf4 23. Qb7 Qxd4 24. a7 1-0


[Site "https://www.chess.com"]

[Event "Titled Tuesday Blitz April 26 Early 2022"]
[White "Itkis, Boris"]
[Black "Chincholimath, Halsagar"]
[WhiteFideId "1209167"]
[BlackFideId "5022487"]
[WhiteElo "2207"]
[BlackElo "1737"]
[Result "1-0"]
[Round "04"]
[TimeControl "180+1"]
[Date "2022.04.26"]
[WhiteClock "0:00:40"]
[BlackClock "0:01:13"]

1. b3 e5 2. Bb2 d6 3. e3 c6 4. Nf3 Nf6 5. d4 e4 6. Nfd2 Be7 7. c4 d5 8. Nc3 O-O 9. Be2 Be6 10. O-O Re8 11. f3 exf3 12. Bxf3 Nbd7 13. e4 dxe4 14. Ndxe4 Nxe4 15. Nxe4 Nf6 16. Qc2 Qd7 17. Rad1 Bf5 18. Nxf6+ Bxf6 19. Qf2 Bg4 20. Bxg4 Qxg4 21. Rde1 Bh4 22. Rxe8+ Rxe8 23. Qxf7+ 1-0


[Site "https://www.chess.com"]

[Event "Titled Tuesday Blitz April 26 Early 2022"]
[White "Ivic, Velimir"]
[Black "O`Gorman, Tom"]
[WhiteFideId "950122"]
[BlackFideId "2508249"]
[WhiteElo "2610"]
[BlackElo "2247"]
[Result "1-0"]
[Round "04"]
[TimeControl "180+1"]
[Date "2022.04.26"]
[WhiteClock "0:00:07"]
[BlackClock "0:00:16"]

1. d4 Nf6 2. Nf3 g6 3. Bg5 Bg7 4. Nbd2 O-O 5. e3 d5 6. Be2 c5 7. c3 Nbd7 8. O-O Re8 9. Bf4 b6 10. h3 Bb7 11. a4 a6 12. Qb3 e6 13. Rfd1 Rc8 14. Bf1 c4 15. Qc2 b5 16. b4 Nb6 17. axb5 axb5 18. Ra7 Bc6 19. Ne5 Nfd7 20. Ndf3 f6 21. Nxc6 Rxc6 22. Ra5 Nc8 23. Rxb5 Nd6 24. Ra5 Qb6 25. Rda1 Ne4 26. Ra7 Nf8 27. Nd2 Nxd2 28. Qxd2 Rcc8 29. R1a6 Qb5 30. Qa2 e5 31. Bg3 exd4 32. exd4 Re1 33. Qd2 Rce8 34. Ra1 R1e4 35. R7a5 Qd7 36. b5 Ne6 37. b6 f5 38. Ra7 Qb5 39. f3 Rxd4 40. cxd4 Bxd4+ 41. Bf2 Bxa1 42. Rxa1 d4 43. Re1 Kf7 44. Qh6 Qxb6 45. Qxh7+ Kf6 46. Bxc4 Qb4 47. Bxe6 Rxe6 48. Qh8+ Kf7 49. Rxe6 Kxe6 50. Qxd4 Qxd4 51. Bxd4 Kd5 52. Be3 1-0


[Site "https://www.chess.com"]

[Event "Titled Tuesday Blitz April 26 Early 2022"]
[White "Jaferian, Koosha"]
[Black "Stromboli, Ettore"]
[WhiteFideId "12507440"]
[BlackFideId "813761"]
[WhiteElo "2030"]
[BlackElo "2414"]
[Result "1-0"]
[Round "04"]
[TimeControl "180+1"]
[Date "2022.04.26"]
[WhiteClock "0:00:13"]
[BlackClock "0:00:09"]

1. Nf3 b6 2. b3 Bb7 3. g3 g6 4. Bb2 Nf6 5. Bg2 Bg7 6. O-O O-O 7. c4 c5 8. d4 cxd4 9. Nxd4 Bxg2 10. Kxg2 Nc6 11. Nc3 Rc8 12. Rc1 Qc7 13. Nd5 Qb7 14. Nxc6 dxc6 15. Nxf6+ Bxf6 16. Bxf6 exf6 17. e3 Rfd8 18. Qf3 f5 19. h4 h5 20. Rfd1 Rd7 21. c5 Rxd1 22. Qxd1 Qe7 23. Qd4 Rd8 24. Qc4 Rd2 25. a4 Qxe3 26. Rf1 bxc5 27. Kg1 Qd4 28. Qa6 Rd3 29. Kh2 Rf3 30. Qxa7 Rxf2+ 31. Rxf2 Qxf2+ 32. Kh3 Qf3 33. Kh2 Qe2+ 34. Kh3 Qe4 35. Kh2 Qc2+ 36. Kh3 Qxb3 37. a5 Kg7 38. Qxc5 Qd1 39. Kg2 Qd2+ 40. Kh3 Qe1 41. Kg2 Qe4+ 42. Kf2 f4 43. Qc3+ Kh7 44. a6 fxg3+ 45. Kxg3 Qg4+ 46. Kf2 Qxh4+ 47. Ke2 Qh2+ 48. Kd3 Qd6+ 49. Kc2 Qh2+ 50. Kb3 Qb8+ 51. Qb4 Qg3+ 52. Ka4 Qc7 53. Qb7 Qf4+ 54. Ka5 Qc4 55. a7 Qa2+ 56. Kb6 Qb3+ 57. Kc7 Qg3+ 58. Kc8 Qg4+ 59. Kb8 Qf4+ 60. Qc7 Qf5 61. a8=Q Qb5+ 62. Qab7 Qxb7+ 63. Qxb7 h4 64. Qxc6 g5 65. Qh1 Kg6 66. Kc7 Kh5 67. Kd6 f5 68. Ke5 Kg4 69. Qg2+ Kh5 70. Kxf5 Kh6 71. Qxg5+ Kh7 72. Qg6+ Kh8 73. Kf6 h3 74. Qg7# 1-0


[Site "https://www.chess.com"]

[Event "Titled Tuesday Blitz April 26 Early 2022"]
[White "Jakubowski, Krzysztof"]
[Black "Zhigalko, Sergei"]
[WhiteFideId "1112848"]
[BlackFideId "13502956"]
[WhiteElo "2365"]
[BlackElo "2662"]
[Result "0-1"]
[Round "04"]
[TimeControl "180+1"]
[Date "2022.04.26"]
[WhiteClock "0:00:01"]
[BlackClock "0:00:02"]

1. e4 c5 2. Nf3 Nc6 3. d4 cxd4 4. Nxd4 Nf6 5. Nc3 e5 6. Ndb5 d6 7. Bg5 a6 8. Na3 b5 9. Nd5 Be7 10. Bxf6 Bxf6 11. c3 Bg5 12. Nc2 Ne7 13. Ncb4 O-O 14. Nxe7+ Qxe7 15. a4 bxa4 16. Bc4 a5 17. Nd5 Qb7 18. Qe2 Bd7 19. O-O Rab8 20. Ra2 Kh8 21. g3 f5 22. exf5 Rxf5 23. Qe4 g6 24. h4 Bh6 25. Bd3 Bc6 26. c4 Qb3 27. Bb1 Rbf8 28. Kg2 Bc1 29. Qe2 Be3 30. Ra3 Bxd5+ 31. cxd5 Qxd5+ 32. f3 Bc5 33. Bxf5 gxf5 34. Rd3 Qb7 35. Rfd1 Rg8 36. Kh2 Qg7 37. Qe1 Qf6 38. Rd5 Bd4 39. Rxa5 Bxb2 40. Rxa4 Bd4 41. Ra2 h5 42. Rg2 Rg7 43. Qe2 f4 44. g4 Qxh4# 0-1


[Site "https://www.chess.com"]

[Event "Titled Tuesday Blitz April 26 Early 2022"]
[White "Jaracz, Pawel"]
[Black "Pires, Marcos Vinicius Torsani"]
[WhiteFideId "1102222"]
[BlackFideId "2118939"]
[WhiteElo "2429"]
[BlackElo "2273"]
[Result "1-0"]
[Round "04"]
[TimeControl "180+1"]
[Date "2022.04.26"]
[WhiteClock "0:01:04"]
[BlackClock "0:01:22"]

1. e4 e6 2. d4 d5 3. Nc3 Nf6 4. Bg5 dxe4 5. Nxe4 Be7 6. Bxf6 gxf6 7. Nf3 a6 8. g3 f5 9. Ned2 b5 10. Bg2 Bb7 11. O-O Nd7 12. a4 O-O 13. Qe2 c5 14. axb5 cxd4 15. bxa6 Bd5 16. Nxd4 Qb6 17. Bxd5 Qxd4 18. Bxa8 Rxa8 19. Qb5 Ne5 20. Rfe1 Bf6 21. c3 Qxd2 22. Rxe5 Bxe5 23. Qxe5 Qxb2 24. Qa5 h5 25. a7 h4 26. gxh4 Qe2 27. Qc7 Qg4+ 28. Qg3 Qxg3+ 29. hxg3 Kg7 30. c4 Kf6 31. c5 Ke5 32. h5 Kd5 33. h6 1-0


[Site "https://www.chess.com"]

[Event "Titled Tuesday Blitz April 26 Early 2022"]
[White "Jobava, Baadur"]
[Black "Abdrlauf, Elham"]
[WhiteFideId "13601520"]
[BlackFideId "1533533"]
[WhiteElo "2617"]
[BlackElo "2334"]
[Result "1-0"]
[Round "04"]
[TimeControl "180+1"]
[Date "2022.04.26"]
[WhiteClock "0:01:41"]
[BlackClock "0:00:01"]

1. c4 e5 2. d3 Nf6 3. Nf3 Nc6 4. g3 Bc5 5. Bg2 O-O 6. O-O Re8 7. Nc3 a6 8. Bg5 h6 9. Bxf6 Qxf6 10. Rb1 Qd8 11. Nd2 d6 12. Nd5 Ba7 13. b4 Ne7 14. a4 c6 15. Nxe7+ Qxe7 16. b5 axb5 17. axb5 Qc7 18. e3 Bf5 19. Qb3 Bc5 20. Ne4 Ra3 21. Qc2 Bxe4 22. Bxe4 Rea8 23. h4 Ra2 24. Rb2 Ra1 25. Rfb1 Rxb1+ 26. Qxb1 g6 27. bxc6 bxc6 28. Rb7 Ra1 29. Rxc7 Rxb1+ 30. Kg2 Rb2 31. Kf3 d5 32. Bxd5 cxd5 33. Rxc5 e4+ 34. dxe4 dxe4+ 35. Kg2 h5 36. Re5 f5 37. Re7 Rc2 38. Rc7 Kf8 39. c5 Rc1 40. c6 Kg8 41. g4 hxg4 42. Kg3 Rc2 43. Kf4 Rxf2+ 44. Kg5 g3 45. Kxg6 Kf8 46. Kf6 Kg8 47. Rg7+ Kf8 48. Rxg3 Rc2 49. Kxf5 Rxc6 50. Rg4 Rc5+ 51. Kxe4 Kf7 52. Kf3 Kf6 53. Rf4+ Ke5 54. h5 Rc1 55. Rh4 Rf1+ 56. Ke2 Rf7 57. h6 Rh7 58. Kf3 Kf5 59. Rh1 Kg5 60. Ke2 Kg6 61. Rh2 Ra7 62. Kf3 Rf7+ 63. Ke4 Re7+ 64. Kd4 Kh7 65. e4 Rd7+ 66. Kc5 Re7 67. Kd5 Rd7+ 68. Ke6 Ra7 69. e5 Ra1 70. Ke7 Re1 71. e6 Re3 72. Kf7 Rf3+ 73. Ke8 Re3 74. e7 Ra3 75. Re2 Kg6 76. h7 Kxh7 77. Kd7 Ra7+ 78. Kc6 Ra6+ 79. Kb7 Rf6 80. e8=Q 1-0


[Site "https://www.chess.com"]